cohdb
Replays
Latest Replays
All Replays
Popular Replays
Top Player Replays
Match Explorer
How It Works
Community
CoH3 Stats
Reddit
Sign in to upload your games and track your stats! →
Sign in with Steam
Match 41460855
Unlisted
Match 41460855
Overview
Messages
Build Orders
End
Kradschützen Motorcycle Team
Selects Armored Support Battlegroup
Panzergrenadier Squad
Panzergrenadier Squad
250 Light Carrier
Construct Light Support Kompanie
MG34 Team
Construct Mechanized Kompanie
Panzerjäger Mechanized Group
Combat Half-tracks
2.5-tonne Medical Truck
Support Armor Elements
Selects Salvage Kits
Selects Veteran Gunners
Panzergrenadier Squad
StuG III D Assault Gun
Marder III Tank Destroyer
Emergency Repair Kits
Marder III Tank Destroyer
Selects Panzer Storm
Construct Panzerarmee Kommand
Vehicle Survival Package
Rapid Advance
Selects Stuka Dive Bomb
Armored Reserves
Panzergrenadier Squad
Tiger Heavy Tank
Tungsten Core Ammunition
Stuka Dive Bomb
JLODGE
仙台葉月@宮城のけち
我真的不是驴
jodone
ShoulderGuy
Pinhead Larry
MathiasCZR01
Hunter Blacked
0
0
Comments
sign in to comment!
No comments posted yet!